 Dungeon Sprint DCSS version 0.31-a0-986-g5e6e4ef867 (webtiles) character file.

Game seed: 16200580946583836379

7385 rocky1 the Black Belt (level 11, -11/60 HPs)
             Began as an Octopode Shapeshifter on Nov 14, 2023.
             Was an Initiate of Gozag.
             Mangled by Donald
             ... wielding a +1 war axe of holy wrath
              (17 damage)
             ... in the Dungeon (Sprint III: "The Ten Rune Challenge").
             The game lasted 00:07:23 (2263 turns).

rocky1 the Black Belt (Octopode Shapeshifter)       Turns: 2263, Time: 00:07:25

Health: -11/60     AC: 26    Str: 14    XL:     11   Next: 14%
Magic:  11/11      EV: 17    Int: 14    God:    Gozag
Gold:   52         SH:  0    Dex: 16    Spells: 10/10 levels left

rFire   + +          .
                       - Unarmed
rCold   x . .        (no shield)
rNeg    + + +        (helmet restricted)
rPois   ∞            (no amulet)
rElec   +            r - +4 ring of protection
rCorr   .            t - ring of positive energy
SInv    .            v - ring "Xih Luo" {Fire rElec rPois rN+ Int+2}
Will    .....        (no ring)
Stlth   +++++++      (no ring)
HPRegen 0.30/turn    (no ring)
MPRegen 0.12/turn    (no ring)
                     (no ring)

%: no teleportation
@: mighty, statue-form, invisible, very slow
A: slow and powerful, torment resistance 1, reduced hp, almost no armour,
amphibious, 8 rings, camouflage 1, (gelatinous body 1), (nimble swimmer 1),
tentacles, tentacle spike 1, fire resistance 1, wild magic 1
a: Begin Untransformation, Renounce Religion, Potion Petition, Call Merchant,
Bribe Branch


You were in the Dungeon.
You worshipped Gozag.
Gozag was noncommittal.
You were a living statue of rough stone.
You visited 1 branch You collected 4310 gold pieces.
You spent 3091 gold pieces at shops.
You paid 1167 gold pieces to Gozag.

Inventory:

Hand Weapons
 a - a +5 dagger of venom
Missiles
 h - 9 javelins
 q - 4 poisoned darts
Jewellery
 r - a +4 ring of protection (left tentacle)
 s - the ring of Seaja {Wiz rC++ Str+2 Slay-3}
   (You bought it in a shop in the Dungeon)

   [ring of wizardry]

   Wiz:       It improves your spell success rate.
   Str+2:     It affects your strength (+2).
   Slay-3:    It affects your accuracy & damage with ranged weapons and melee
   (-3).
   rC++:      It greatly protects you from cold.
 t - a ring of positive energy (right tentacle)
 v - the ring "Xih Luo" (on tentacle) {Fire rElec rPois rN+ Int+2}
   (You bought it in a shop in the Dungeon)

   [ring of fire]

   Fire:      It enhances your fire magic.
   Int+2:     It affects your intelligence (+2).
   rF+:       It protects you from fire.
   rC-:       It makes you vulnerable to cold.
   rElec:     It insulates you from electricity.
   rPois:     It protects you from poison rN+: It protects you from negative
   energy.
Talismans
 b - a beast talisman
 c - a flux talisman
 u - a granite talisman (active)
Wands
 p - a wand of charming (9)
Scrolls
 e - a scroll of torment {unknown}
 i - a scroll of blinking
 j - a scroll of enchant weapon {unknown}
 l - 2 scrolls of identify
 n - a scroll of immolation {unknown}
 o - a scroll of silence {unknown}
Potions
 d - 3 potions of mutation
 f - a potion of haste
 g - 2 potions of magic
 m - 2 potions of enlightenment {unknown}
Miscellaneous
 k - a tin of tremorstones (2/2) (quivered)


   Skills:
 + Level 7.9 Fighting
 + Level 9.3 Dodging
 - Level 13.6 Stealth
 + Level 16.0 Unarmed Combat
 - Level 9.7 Evocations
 * Level 12.0 Shapeshifting


You had 10 spell levels left.
You didn't know any spells.
Your spell library contained the following spells:

 Spells                   Type           Power      Damage    Failure   Level
 Summon Guardian Golem    Hex/Summ       0%         N/A       73%         3
 Orb of Destruction       Conj           0%         9d5       100%        7
 Spellforged Servitor     Conj/Summ      0%         N/A       100%        7


Dungeon Overview and Level Annotations

Branches:
Dungeon (1/1)

Altars:
Cheibriados
Dithmenos
Elyvilon
Fedhas
Gozag
Hepliaklqana
Kikubaaqudgha
Makhleb
Nemelex Xobeh
Okawaru
Qazlal
Ru
Sif Muna
Trog
Uskayaw
Vehumet
Wu Jian
Xom
Yredelemnul
Zin
The Shining One
Jiyva
Lugonu

Shops:
D =(

Annotations:
D Donald, Frances


Innate Abilities, Weirdness & Mutations

You are a living statue of rough stone.
Your actions are slow, but your melee attacks are powerful.
You are resistant to unholy torment.
Your maximum health is decreased, since you lack skill for your form.
You cannot wear most types of armour.
You are amphibious.
You can wear up to eight rings at the same time.
You are immune to poison.
Your skin changes colour to match your surroundings (Stealth+).
((Your rubbery body absorbs attacks. (AC +1, EV +1)))
((You are camouflaged when in or above water. (Stealth+)))
You have tentacles for arms and can constrict up to eight enemies at once.
One of your tentacles bears a spike.
Your flesh is heat resistant. (rF+)
Your spells are a little harder to cast, but a little more powerful.


Message History

Orders for allies: a - Attack new target. r - Retreat! s - Stop attacking. g - Guard the area. f - Follow me.
Anything else - Cancel.
You shout for attention!
You open the door.
Donald and Frances come into view.
Donald is wielding a +1 war axe of holy wrath and wearing a +1 kite shield of reflection.
Frances is wielding a +0 war axe of holy wrath and quivering curare-tipped darts.
Unknown command.
Unknown command.
Donald shouts!
Frances shouts!
Frances mutters in a terrible tongue.
Frances seems to speed up.
Unknown command.
Frances throws a curare-tipped dart.
The curare-tipped dart hits you.
Frances throws a curare-tipped dart.
The curare-tipped dart misses you.
Donald mumbles some strange words.
Donald seems to grow stronger.
Unknown command.
Frances screams a word of power!
The shard of ice hits you!!
You feel a painful chill! Donald blocks your attack.
Your grab misses Donald.
Your tentacle spike misses Donald.
You squeeze Donald!!
Donald is moderately wounded.
Donald casts a spell.
Donald seems to speed up.
Okay, then. [a] - 360 gold - invisibility and might [b] - 192 gold - heal wounds and curing [c] - 576 gold - resistance, might and haste Purchase which effect?
You no longer have enough gold to petition Gozag for potion effects.
You fade into invisibility!
You feel very mighty all of a sudden.
Donald hits you with a +1 war axe of holy wrath!!
* * * LOW HITPOINT WARNING * * *
Donald misses you.
Donald hits you with a +1 war axe of holy wrath!
You die...
Donald says, "I won.
I... don't hate that."
Your body crumbles into a pile of gold.

#'#####################
#..~§~'.#.'...+.#.#.#.+
#.#~§§#.#.#...##.#.#.##
'.#..§#.#.#)..#.#.#.#.#
#.#.§§#...#)).##.#.#.##
▓▓▓▓▓▓▓▓▓▓▓▓▓▓#.#.#.#.#
........~~~...##.#.#.##
≈≈≈≈≈≈≈≈≈≈♣♣P.+.#.#.#.#
♣♣♣♣♣♣♣♣♣♣♣♣PP##8#.#.##
♣♣♣##@##### ♣♣ .@. .##
#...# #.# #...# .##+
##### ...# #.)# ####


You could see Frances (fast) and Donald (fast, strong, unable to see you,
reflecting).

Vanquished Creatures
  Snorg (D)
  A centaur warrior (D)
  Urug (D)
  A lindwurm (D)
  An orc sorcerer (D)
  A deep elf pyromancer (D)
  2 cane toads (D)
  2 unseen horrors (D)
  A komodo dragon (D)
  2 tyrant leeches (D)
  A shadow (D)
  3 redbacks (D)
  3 wandering mushrooms (D)
  A spatial vortex (D)
  4 orc warriors (D)
  2 centaurs (D)
  An earth elemental (D)
  A necrophage (D)
  A water elemental (D)
  A jelly (D)
  An orc priest (D)
  Crazy Yiuf (D)
  An arcanist (D)
  Jessica (D)
  A necromancer (D)
  3 orc wizards (D)
  3 humans (D)
  A kobold demonologist (D)
  9 orcs (D)
  2 endoplasms (D)
  A rat (D)
55 creatures vanquished.

Notes
Turn   | Place    | Note
-------+----------+-------------------------------------------
     0 | D        | rocky1 the Octopode Shapeshifter began the quest for the
                  | Orb.
     0 | D        | Reached XP level 1. HP: 13/13 MP: 1/1
   114 | D        | Noticed Jessica
   118 | D        | Killed Jessica
   119 | D        | Reached skill level 4 in Unarmed Combat
   119 | D        | Reached XP level 2. HP: 18/18 MP: 2/2
   119 | D        | Reached XP level 3. HP: 23/23 MP: 3/3
   155 | D        | Noticed Crazy Yiuf
   170 | D        | Reached skill level 5 in Unarmed Combat
   175 | D        | Killed Crazy Yiuf
   176 | D        | Reached skill level 5 in Shapeshifting
   176 | D        | Reached XP level 4. HP: 7/28 MP: 4/4
   314 | D        | Gained mutation: You possess an exceptional clarity of
                  | mind. [potion of mutation]
   314 | D        | Gained mutation: You occasionally lose the ability to drink
                  | potions when taking damage. [potion of mutation]
   314 | D        | Gained mutation: Your system is resistant to poisons.
                  | (rPois) [potion of mutation]
   315 | D        | Lost mutation: Your system is resistant to poisons. (rPois)
                  | [potion of mutation]
   315 | D        | Lost mutation: You occasionally lose the ability to drink
                  | potions when taking damage. [potion of mutation]
   315 | D        | Lost mutation: You possess an exceptional clarity of mind.
                  | [potion of mutation]
   315 | D        | Gained mutation: Your spells are a little harder to cast,
                  | but a little more powerful. [potion of mutation]
   315 | D        | Gained mutation: Your flesh is heat resistant. (rF+)
                  | [potion of mutation]
   315 | D        | Gained mutation: One of your tentacles bears a spike.
                  | [potion of mutation]
   338 | D        | Noticed a water elemental
   346 | D        | Killed a water elemental
   347 | D        | Reached skill level 6 in Unarmed Combat
   347 | D        | Reached XP level 5. HP: 9/34 MP: 5/5
   616 | D        | Noticed a shadow
   627 | D        | Reached skill level 7 in Unarmed Combat
   654 | D        | Found a blossoming altar of Fedhas.
   654 | D        | Found a stormy altar of Qazlal.
   655 | D        | Found a snail-covered altar of Cheibriados.
   655 | D        | Found a burning altar of Makhleb.
   655 | D        | Found a shimmering altar of Xom.
   656 | D        | Found a hazy altar of Hepliaklqana.
   656 | D        | Found an opulent altar of Gozag.
   656 | D        | Found a sparkling altar of Nemelex Xobeh.
   656 | D        | Found a corrupted altar of Lugonu.
   656 | D        | Found a viscous altar of Jiyva.
   656 | D        | Noticed a spatial vortex
   661 | D        | Became a worshipper of Gozag Ym Sagoz the Greedy
   667 | D        | Killed a spatial vortex
   668 | D        | Reached skill level 5 in Stealth
   668 | D        | Reached skill level 8 in Unarmed Combat
   668 | D        | Reached XP level 6. HP: 25/39 MP: 6/6
   742 | D        | Found a basalt altar of Yredelemnul.
   742 | D        | Found a shadowy altar of Dithmenos.
   742 | D        | Found a sacrificial altar of Ru.
   783 | D        | Found a white marble altar of Elyvilon.
   783 | D        | Noticed a deep elf pyromancer
   784 | D        | Found a glowing silver altar of Zin.
   784 | D        | Found a glowing golden altar of the Shining One.
   784 | D        | Found a radiant altar of Vehumet.
   792 | D        | Noticed a fire elemental
   792 | D        | Killed a deep elf pyromancer
   793 | D        | Reached skill level 5 in Dodging
   793 | D        | Reached skill level 10 in Unarmed Combat
   793 | D        | Reached XP level 7. HP: 45/45 MP: 7/7
   813 | D        | Found a shimmering blue altar of Sif Muna.
   815 | D        | Found an ancient bone altar of Kikubaaqudgha.
   835 | D        | Killed a shadow
   836 | D        | Reached XP level 8. HP: 47/51 MP: 8/8
   942 | D        | Reached skill level 11 in Unarmed Combat
   961 | D        | Found a hide-covered altar of Uskayaw.
   961 | D        | Found an iron altar of Okawaru.
   961 | D        | Found a bloodstained altar of Trog.
   961 | D        | Found an ornate altar of the Wu Jian Council.
  1132 | D        | Noticed Snorg
  1139 | D        | Killed Snorg
  1140 | D        | Reached skill level 10 in Stealth
  1140 | D        | Reached skill level 12 in Unarmed Combat
  1140 | D        | Reached XP level 9. HP: 48/58 MP: 9/9
  1274 | D        | Found Tontoyq's Weapon Boutique.
  1274 | D        | Noticed an orc sorcerer
  1280 | D        | Killed an orc sorcerer
  1281 | D        | Reached skill level 13 in Unarmed Combat
  1452 | D        | Bought 2 javelins for 72 gold pieces
  1452 | D        | Bought 4 poisoned darts for 28 gold pieces
  1633 | D        | Noticed a centaur warrior
  1638 | D        | Killed a centaur warrior
  1639 | D        | Reached skill level 5 in Fighting
  1639 | D        | Reached skill level 14 in Unarmed Combat
  1639 | D        | Reached XP level 10. HP: 66/66 MP: 10/10
  1691 | D        | Reached skill level 10 in Shapeshifting
  1764 | D        | Noticed a cane toad
  1764 | D        | Noticed a cane toad
  1768 | D        | Killed a cane toad
  1769 | D        | Reached skill level 15 in Unarmed Combat
  1771 | D        | Killed a cane toad
  1960 | D        | Bought a +4 ring of protection for 504 gold pieces
  1960 | D        | Bought the ring of Seaja {Wiz rC++ Str+2 Slay-3} for 645
                  | gold pieces
  1960 | D        | Bought a ring of positive energy for 280 gold pieces
  1960 | D        | Bought a granite talisman for 840 gold pieces
  2022 | D        | Noticed a lindwurm
  2027 | D        | Killed a lindwurm
  2053 | D        | Noticed Urug
  2061 | D        | Killed Urug
  2062 | D        | Reached XP level 11. HP: 51/75 MP: 11/11
  2192 | D        | Bought the ring "Xih Luo" {Fire rElec rPois rN+ Int+2} for
                  | 722 gold pieces
  2243 | D        | Reached skill level 16 in Unarmed Combat
  2258 | D        | Noticed Donald
  2258 | D        | Noticed Frances
  2263 | D        | Mangled by Donald

Illustrated notes

Levels and vault maps discovered:
D:        dungeon_sprint_mu [sprint_mu_entry_forest, sprint_mu_temple_rooms,
          sprint_mu_d1_horrors, sprint_mu_d2_genie, sprint_mu_d3_branching,
          sprint_mu_orc_legion, sprint_mu_elf_gauntlet, sprint_mu_hive_nellie,
          sprint_mu_lair_fedhas, sprint_mu_vaults_butterflies,
          sprint_mu_slime_circle, sprint_mu_swamp_cave, sprint_mu_shoals_kraken,
          sprint_mu_blade_basic, sprint_mu_crypt_lich, sprint_mu_tomb_spiral,
          sprint_mu_vestibule_basic, sprint_mu_gehenna_hellfire,
          sprint_mu_dis_giant, sprint_mu_tartarus_statrot,
          sprint_mu_cocytus_islands, sprint_mu_zot1]

Skill      XL: |  1  2  3  4  5  6  7  8  9 10 11 |
---------------+----------------------------------+-----
Stealth        | 2 3 4 5 7 8 10 12 13 | 13.6
Unarmed Combat | 4 5 6 8 10 12 14 15 16 | 16.0
Shapeshifting  | 4 5 6 7 8 9 11 12 | 12.0
Dodging        | 3 4 5 6 7 9 |  9.3
Fighting       | 2 3 5 7 |  7.9
Evocations     | 3 6 8 9 |  9.7

Action                     |  1- 3 |  4- 6 |  7- 9 | 10-12 || total
---------------------------+-------+-------+-------+-------++-------
  Melee: Unarmed           |    19 |    21 |    32 |    48 ||   120
         Constrict         |     3 |     3 |     3 |     7 ||    16
         Tentacles         |     2 |     4 |     6 |    16 ||    28
         Kick              |       |     5 |    13 |    23 ||    41
         Punch             |       |       |     4 |     3 ||     7
 Invoke: Potion Petition   |       |       |     1 |     1 ||     2
         Call Merchant     |       |       |       |     1 ||     1
  Evoke: Tin of tremorston |       |       |     2 |       ||     2
    Use: Potion            |     2 |     3 |     2 |       ||     7
   Stab: Sleeping          |     3 |     1 |     6 |     6 ||    16
 Armour: Skin              |     5 |     8 |    17 |    28 ||    58
  Dodge: Dodged            |     9 |     4 |    19 |    19 ||    51
   Form: Beast             |       |       |       |     1 ||     1
         Flux              |       |       |       |     1 ||     1
         Statue            |       |       |       |     1 ||     1

Table legend: (Time is in decaauts)
 A = Elapsed time spent in this place.
 B = Non-inter-level travel time spent in this place.
 C = Inter-level travel time spent in this place.
 D = Time resting spent in this place.
 E = Time spent auto-exploring this place.
 F = Levels seen in this place.
 G = Mean time per level.
                   A        B        C        D        E       F      G
               +--------+--------+--------+--------+--------+-----+--------+
         Total |   2275 |   2203 |     72 |   1504 |      0 |   1 | 2275.0 |
       Dungeon |   2275 |   2203 |     72 |   1504 |      0 |   1 | 2275.0 |
               +--------+--------+--------+--------+--------+-----+--------+

Top non-repeatable levels by time:
       D: 2275 daAuts
